 Dungeon Crawl Stone Soup version 0.20-a0-640-g62ed22f (webtiles) character file.

209 krabocopter the Chopper (level 6, -11/49 HPs)
             Began as a Formicid Fighter on Feb 12, 2017.
             Killed by nerve-wracking pain
             ... invoked by an orc priest
              (13 damage)
             ... on level 3 of the Dungeon.
             The game lasted 00:06:00 (2657 turns).

krabocopter the Chopper (Formicid Fighter)          Turns: 2657, Time: 00:06:01

Health: -11/49     AC:  8    Str: 26    XL:     6   Next: 12%
Magic:  6/6        EV:  8    Int:  7    God:
Gold:   126        SH: 10    Dex: 12    Spells: 5/5 levels left

rFire    . . .     SeeInvis +   a - +0 war axe
rCold    . . .     Gourm    .   b - +0 scale mail
rNeg     . . .     Faith    .   c - +0 shield
rPois    .         Spirit   .   (helmet unavailable)
rElec    .         Reflect  .   (no cloak)
rCorr    .         Harm     .   (no gloves)
MR       .....                  p - +0 pair of boots
Stlth    ..........             (no amulet)
Regen    0.2/turn               (no ring)
MPRegen  0.1/turn               (no ring)

@: mighty
A: permanent stasis, dig shafts and tunnels, four strong arms, antennae 3
a: Dig, Shaft Self


You were on level 3 of the Dungeon.
You were not hungry.

You visited 1 branch of the dungeon, and saw 3 of its levels.

You collected 126 gold pieces.

Inventory:

Hand Weapons
 a - a +0 war axe (weapon)
Armour
 b - a +0 scale mail (worn)
 c - a +0 shield (worn)
 p - a +0 pair of boots (worn)
Scrolls
 e - a scroll of identify {unknown}
 h - 2 scrolls of amnesia {unknown}
 i - a scroll of teleportation {unknown}
 l - a scroll of fear {unknown}
 m - a scroll of enchant weapon {unknown}
 o - a scroll of recharging {unknown}
Potions
 j - a potion of haste {unknown}
 k - a potion of brilliance {unknown}
 q - a potion of curing {unknown}
Comestibles
 f - 3 bread rations
 g - 2 meat rations
 n - a chunk of flesh


   Skills:
 + Level 4.7 Fighting
 * Level 5.0 Axes
 - Level 3.2 Armour
 - Level 3.6 Shields


You had 5 spell levels left.
You didn't know any spells.

Dungeon Overview and Level Annotations

Branches:
Dungeon (3/15)

Altars:
Ashenzari
Makhleb
Sif Muna
The Shining One


Innate Abilities, Weirdness & Mutations

You cannot be hasted, slowed, berserked, paralysed or teleported.
You can dig through walls and to a lower floor.
Your four strong arms can wield two-handed weapons with a shield.
You have a pair of large antennae on your head. (SInv)


Message History

A hobgoblin comes into view.
You hit the orc priest.
The orc priest invokes the aid of Beogh against you.
Beogh smites you!
* * * LOW HITPOINT WARNING * * *
An orc comes into view. It is wielding a war axe.
The orc shouts!
You take 14 damage, and have 13/49 hp.
MASSIVE DAMAGE!!
You feel very mighty all of a sudden.
The orc priest mumbles some strange prayers to Beogh against you.
Beogh smites you!
* * * LOW HITPOINT WARNING * * *
You take 12 damage, and have 1/49 hp.
MASSIVE DAMAGE!!
You closely miss the orc priest. You miss the adder.
You block the orc priest's attack. The adder bites you but does no damage.
You completely miss the orc priest. You slash the adder!
The adder bites you but does no damage.
The orc priest calls down the wrath of Beogh upon you.
Pain shoots through your body!
You die...

#############.#
#....<........#
####.###...#######
#.......##.....##
#.......######..##
#.......# ##..####
#.......# #####..
#.......# #._
####@..##### #..
#So....... ###
#.......$.
#..g....... {
#..........
#..o.......
#..$$...... {
#..........
...........


You could see an orc priest, an adder, an orc and a hobgoblin.

Vanquished Creatures
  A bullfrog (D:3)
  4 gnolls (D:2)
  3 adders (D:2)
  4 worms
  2 dart slugs (D:1)
  A leopard gecko (D:2)
  6 giant cockroaches
  A goblin (D:1)
  10 hobgoblins
  3 jackals (D:2)
  2 quokkas (D:2)
  2 ball pythons (D:2)
  7 bats
  8 kobolds
  8 rats
62 creatures vanquished.

Notes
Turn   | Place    | Note
-------+----------+-------------------------------------------
     0 | D:1      | krabocopter the Formicid Fighter began the quest for the Orb.
     0 | D:1      | Reached XP level 1. HP: 18/18 MP: 1/1
    40 | D:1      | Reached XP level 2. HP: 18/24 MP: 2/2
   293 | D:1      | You fall through a shaft!
   302 | D:2      | Reached skill level 3 in Axes
   302 | D:2      | Reached XP level 3. HP: 27/29 MP: 3/3
   356 | D:2      | Found a burning altar of Makhleb.
   356 | D:2      | Found a deep blue altar of Sif Muna.
   356 | D:2      | Found a shattered altar of Ashenzari.
   518 | D:2      | Reached XP level 4. HP: 36/37 MP: 4/4
   858 | D:2      | Reached skill level 4 in Axes
  1234 | D:1      | Reached XP level 5. HP: 42/42 MP: 5/5
  2062 | D:2      | Found a faded altar of an unknown god.
  2299 | D:3      | Found a glowing golden altar of the Shining One.
  2325 | D:3      | Noticed a bullfrog
  2346 | D:3      | Killed a bullfrog
  2346 | D:3      | Reached skill level 5 in Axes
  2346 | D:3      | Reached XP level 6. HP: 18/49 MP: 6/6
  2362 | D:3      | HP: 1/49 [worm (7)]
  2655 | D:3      | HP: 1/49 [orc priest/divine providence (12)]
  2657 | D:3      | Killed from afar by an orc priest

Vault maps used:
D:1:      dpeg_arrival_boxorama
D:2:      gammafunk_temple_overflow_forgotten, chequers_ecumenical_altar_grove,
          columned_hall_lemuel, kennysheep_generic_room_3
D:3:      nicolae_tso_carved_into_rock, first_bread, serial_bayou_pond_c,
          okawaru_trees_1

Skill      XL: |  1  2  3  4  5 |
---------------+----------------+-----
Axes           | 3 4 5 |  5.0
Fighting       | 4 |  4.7
Armour         | |  3.2
Shields        | |  3.6

Action                   |  1- 3 |  4- 6 || total
-------------------------+-------+-------++-------
Melee: War axe           |    51 |   169 ||   220
 Abil: Dig               |     2 |       ||     2
  Use: Potion            |       |     1 ||     1
  Eat: Chunk             |       |     6 ||     6
Armor: Scale mail        |    18 |    70 ||    88
Dodge: Dodged            |    15 |    35 ||    50
Block: Shield            |    24 |    88 ||   112
